 Dungeon Sprint DCSS version 0.29-a0-350-g7790a0e70a (webtiles) character file.

Game seed: 17041159487461509750

18690 mhtbhm the Executioner (level 12, -19/133 HPs)
             Began as a Minotaur Berserker on Apr 22, 2022.
             Was the Champion of Trog.
             Demolished by a white very ugly thing (53 damage)
             ... in the Dungeon (Sprint IX: "|||||||||||||||||||||||||||||").
             The game lasted 00:04:34 (2913 turns).

mhtbhm the Executioner (Minotaur Berserker)         Turns: 2913, Time: 00:04:35

Health: -19/133    AC: 19    Str: 30    XL:     12   Next: 29%
Magic:  11/11      EV: 16    Int:  4    God:    Trog [******]
Gold:   166        SH:  5    Dex: 10    Spells: 11/11 levels left

rFire   . . .      SeeInvis .   a - +2 executioner's axe (flame)
rCold   . . .      Faith    .   (shield currently unavailable)
rNeg    . . .      Spirit   .   b - +0 swamp dragon scales
rPois   +          Reflect  +   (helmet restricted)
rElec   .          Harm     .   k - +0 cloak
rCorr   .          Rampage  .   E - +1 pair of gloves
Will    .....      NoTele   +   l - +0 pair of boots
Stlth   +.........              t - amulet of reflection
HPRegen 0.32/turn               m - +2 ring of evasion
MPRegen 0.12/turn               n - +3 ring of strength

@: on berserk cooldown, slowed, very slow
A: horns 2, retaliatory headbutt
a: Renounce Religion, Berserk, Trog's Hand, Brothers in Arms


You were in the Dungeon.
You worshipped Trog.
Trog was exalted by your worship.
You visited 1 branch You collected 1934 gold pieces.
You spent 1768 gold pieces at shops.

Inventory:

Hand Weapons
 a - a +2 executioner's axe of flaming (weapon)
Missiles
 z - 4 curare-tipped darts (quivered)
Armour
 b - +0 swamp dragon scales (worn)
 k - a +0 cloak (worn)
 l - a +0 pair of boots (worn)
 E - a +1 pair of gloves (worn)
Jewellery
 m - a +2 ring of evasion (left hand)
 n - a +3 ring of strength (right hand)
 t - an amulet of reflection (around neck)
 v - the amulet of Scepticism {Spirit rElec rC+ Int+4}
   (You bought it in a shop in the Dungeon)

   [amulet of guardian spirit]

   It causes incoming damage to be divided between your reserves of health and
   magic.
   Int:       It affects your intelligence (+4).
   rC:        It protects you from cold.
   rElec:     It insulates you from electricity.
 A - a ring of flight
 B - a ring of protection from fire
 C - a ring of protection from fire
 D - a ring of see invisible
Wands
 j - a wand of acid (14)
 y - a wand of charming (6)
Scrolls
 h - 4 scrolls of blinking
 p - 5 scrolls of identify
 q - 2 scrolls of fog
 r - 3 scrolls of enchant armour
 F - a scroll of fear
 G - 2 scrolls of enchant weapon
Potions
 c - 5 potions of curing
 d - 9 potions of heal wounds
 e - 2 potions of haste
 f - 4 potions of magic
 g - 2 potions of berserk rage
 i - a potion of invisibility
 o - 4 potions of might
 s - a potion of resistance
 u - 2 potions of attraction
 w - a potion of flight
 x - 2 potions of ambrosia


   Skills:
 + Level 20.1 Fighting
 + Level 23.6 Axes
 + Level 18.5 Armour
 + Level 10.0 Dodging
 + Level 3.1 Stealth
 + Level 1.8 Shields


You had 11 spell levels left.
You didn't know any spells.
Your spell library was empty.

Dungeon Overview and Level Annotations

Branches:
Dungeon (1/1)

Altars:
Cheibriados
Dithmenos
Elyvilon
Fedhas
Gozag
Hepliaklqana
Kikubaaqudgha
Makhleb
Nemelex Xobeh
Okawaru
Qazlal
Ru
Sif Muna
Trog
Uskayaw
Vehumet
Wu Jian
Xom
Yredelemnul
Zin
The Shining One
Beogh
Jiyva
Lugonu

Shops:
D =(!*


Innate Abilities, Weirdness & Mutations

You have a pair of horns on your head.
You reflexively headbutt those who attack you in melee.


Message History

You slash the boulder beetle! You burn the boulder beetle.
The boulder beetle misses you. You furiously retaliate!
You headbutt the boulder beetle, but do no damage.
Your Fighting skill increases to level 20!
Unknown command.
A spriggan air mage comes into view.
The spriggan air mage shouts!
The stone giant hits you!
The spriggan air mage waves its arms in wide circles.
The air twists around and strikes you!!
The boulder beetle curls into a ball and begins rolling!
The stone giant hits you.
Things that are here:
4 large rocks; a +1 shortbow of flaming; a centaur corpse You slash the stone giant!
You burn the stone giant.
The stone giant is severely wounded.
The spriggan air mage waves its arms in wide circles.
The air twists around and strikes you! The boulder beetle misses you.
You furiously retaliate!
You headbutt the boulder beetle.
The boulder beetle stops rolling and uncurls.
The stone giant hits you!!
Unknown command.
You slash the stone giant! You burn the stone giant.
You kill the stone giant!
The stone giant's corpse shimmers and vanishes!
You hit the boulder beetle but do no damage.
The boulder beetle bites you.
Unknown command.
Unknown command.
You hit the boulder beetle but do no damage.
You headbutt the boulder beetle, but do no damage.
The boulder beetle is moderately wounded.
You slash the white very ugly thing! You burn the white very ugly thing.
The spriggan air mage waves its arms in wide circles.
The air twists around and strikes you!
* * * LOW HITPOINT WARNING * * *
The white very ugly thing pecks you.
* * * LOW HITPOINT WARNING * * *
The white very ugly thing freezes you!!!
You die...

▓.▓.▓)▓.▓.▓.▓_▓
▓.▓.▓)▓.▓†▓.▓)▓
▓†▓.▓)▓.▓.▓.▓.▓
▓)▓.▓)▓.▓.▓.▓?▓
▓)▓.▓)▓.▓)▓.▓)▓
▓†▓.▓)▓.▓.▓.▓.▓
▓.▓.▓∩▓.▓.▓.▓.▓
▓B▓.▓.▓.▓.▓.▓[▓
▓@▓.▓∩▓.▓.▓.▓.▓
▓u▓.▓.▓.▓.▓.▓.▓
▓Q▓.▓∩▓.▓.▓.▓.▓
▓R▓.▓.▓.▓.▓.▓'▓
▓.▓.▓∩▓.▓!▓.▓)▓
▓C▓.▓.▓.▓[▓.▓.▓
▓Q▓.▓.▓.▓'▓.▓.▓
▓i▓.▓.▓.▓.▓.▓.▓
▓.▓.▓.▓.▓.▓.▓


You could see a frost giant, a white very ugly thing, a tengu reaver, a boulder
beetle, a rakshasa, a tengu warrior and a spriggan air mage (repels missiles).

Vanquished Creatures
  Gastronok (D)
  3 stone giants (D)
  2 hydras (D)
  A boulder beetle (D)
  An ogre mage (D)
  3 centaur warriors (D)
  3 orc high priests (D)
  Sonja (D)
  A deep elf pyromancer (D)
  2 orc knights (D)
  2 ugly things (D)
  An orc sorcerer (D)
  Maurice (D)
  A black mamba (D)
  2 cane toads (D)
  A cane toad (shapeshifter) (D)
  Psyche (D)
  2 komodo dragons (D)
  An efreet (D)
  3 polar bears (D)
  A blink frog (D)
  A dream sheep (D)
  A yak (D)
  A wraith (D)
  A vampire mosquito (D)
  2 water moccasins (D)
  6 black bears (D)
  8 orc warriors (D)
  2 wolves (D)
  2 gnoll sergeants (D)
  3 bullfrogs (D)
  A scorpion (D)
  A killer bee (D)
  A howler monkey (D)
  A jelly (D)
  12 orc priests (D)
  A hound (D)
  7 orc wizards (D)
  A dart slug (D)
  6 orcs (D)
  A giant cockroach (D)
  2 jackals (D)
  A bat (D)
  A rat (D)
97 creatures vanquished.

Vanquished Creatures (others)
  An orc wizard (D)
1 creature vanquished.

Grand Total: 98 creatures vanquished

Notes
Turn   | Place    | Note
-------+----------+-------------------------------------------
     0 | D        | mhtbhm the Minotaur Berserker began the quest for the Orb.
     0 | D        | Reached XP level 1. HP: 19/19 MP: 0/0
     6 | D        | Reached skill level 4 in Axes
    10 | D        | Reached ** piety under Trog
   112 | D        | Noticed a jelly
   112 | D        | Noticed a scorpion
   112 | D        | Noticed a howler monkey
   112 | D        | Noticed a hound
   114 | D        | Killed a jelly
   115 | D        | Reached skill level 5 in Fighting
   115 | D        | Reached skill level 6 in Axes
   115 | D        | Reached XP level 2. HP: 30/30 MP: 1/1
   115 | D        | Reached XP level 3. HP: 37/37 MP: 2/2
   116 | D        | Reached *** piety under Trog
   121 | D        | Killed a scorpion
   122 | D        | Reached skill level 8 in Axes
   122 | D        | Reached XP level 4. HP: 40/47 MP: 3/3
   124 | D        | Reached XP level 5. HP: 36/53 MP: 4/4
   129 | D        | Reached skill level 9 in Axes
   355 | D        | Found a snail-covered altar of Cheibriados.
   355 | D        | Found a shadowy altar of Dithmenos.
   355 | D        | Found a white marble altar of Elyvilon.
   355 | D        | Found a blossoming altar of Fedhas.
   355 | D        | Found an opulent altar of Gozag.
   356 | D        | Found a hazy altar of Hepliaklqana.
   357 | D        | Found a viscous altar of Jiyva.
   358 | D        | Found an ancient bone altar of Kikubaaqudgha.
   359 | D        | Found a corrupted altar of Lugonu.
   360 | D        | Found a burning altar of Makhleb.
   361 | D        | Found a sparkling altar of Nemelex Xobeh.
   362 | D        | Found an iron altar of Okawaru.
   363 | D        | Found a stormy altar of Qazlal.
   364 | D        | Found a sacrificial altar of Ru.
   365 | D        | Found a shimmering blue altar of Sif Muna.
   366 | D        | Found a bloodstained altar of Trog.
   367 | D        | Found a hide-covered altar of Uskayaw.
   368 | D        | Found a radiant altar of Vehumet.
   369 | D        | Found an ornate altar of the Wu Jian Council.
   370 | D        | Found a shimmering altar of Xom.
   371 | D        | Found a basalt altar of Yredelemnul.
   372 | D        | Found a glowing silver altar of Zin.
   373 | D        | Found a glowing golden altar of the Shining One.
   434 | D        | Noticed a wraith
   441 | D        | Killed a wraith
   441 | D        | Reached **** piety under Trog
   442 | D        | Reached skill level 10 in Fighting
   442 | D        | Reached skill level 11 in Axes
   442 | D        | Reached skill level 5 in Armour
   442 | D        | Reached skill level 5 in Dodging
   442 | D        | Reached XP level 6. HP: 66/66 MP: 5/5
   491 | D        | Reached ***** piety under Trog
   492 | D        | Reached skill level 12 in Axes
   731 | D        | Noticed a cane toad
   731 | D        | Noticed an efreet
   731 | D        | Noticed a green ugly thing
   731 | D        | Noticed a centaur warrior
   731 | D        | Noticed a deep elf pyromancer
   737 | D        | Killed a cane toad
   738 | D        | Reached skill level 13 in Axes
   738 | D        | Reached XP level 7. HP: 75/75 MP: 6/6
   739 | D        | Killed an efreet
   745 | D        | Killed a green ugly thing
   745 | D        | Received a gift from Trog
   746 | D        | Reached skill level 14 in Axes
   746 | D        | Reached skill level 1 in Stealth
   746 | D        | Reached XP level 8. HP: 85/85 MP: 7/7
   753 | D        | Killed a centaur warrior
   754 | D        | Reached skill level 15 in Axes
   758 | D        | Killed a deep elf pyromancer
   759 | D        | Reached skill level 16 in Axes
   759 | D        | Reached skill level 10 in Armour
   759 | D        | Reached XP level 9. HP: 16/95 MP: 8/8
  1099 | D        | Noticed Gastronok
  1116 | D        | Killed Gastronok
  1117 | D        | Reached skill level 15 in Fighting
  1117 | D        | Reached skill level 17 in Axes
  1284 | D        | Noticed an eight-headed hydra
  1284 | D        | Noticed a komodo dragon
  1284 | D        | Noticed a komodo dragon
  1284 | D        | Noticed a cane toad
  1291 | D        | Killed a 13-headed hydra
  1292 | D        | Reached XP level 10. HP: 106/106 MP: 9/9
  1296 | D        | Reached skill level 18 in Axes
  1305 | D        | Killed a cane toad
  1306 | D        | Reached ****** piety under Trog
  1318 | D        | Received a gift from Trog
  1480 | D        | Noticed a six-headed hydra
  1480 | D        | Noticed a cane toad
  1483 | D        | Killed an eight-headed hydra
  1484 | D        | Noticed a black mamba
  1488 | D        | Reached skill level 19 in Axes
  1495 | D        | Killed a cane toad
  1496 | D        | Reached skill level 15 in Armour
  1496 | D        | Received a gift from Trog
  1499 | D        | Killed a black mamba
  1669 | D        | Reached XP level 11. HP: 116/116 MP: 10/10
  1674 | D        | Received a gift from Trog
  1851 | D        | Received a gift from Trog
  1852 | D        | Noticed a stone giant
  1871 | D        | Killed a stone giant
  1872 | D        | Reached skill level 20 in Axes
  2041 | D        | Noticed an orc knight
  2041 | D        | Noticed an orc knight
  2050 | D        | Killed an orc knight
  2053 | D        | Received a gift from Trog
  2054 | D        | Noticed an orc sorcerer
  2056 | D        | Killed an orc knight
  2065 | D        | Paralysed by an orc sorcerer for 6 turns
  2073 | D        | Killed an orc sorcerer
  2080 | D        | Received a gift from Trog
  2280 | D        | Found Leblaps's Jewellery Emporium.
  2280 | D        | Noticed an orc high priest
  2280 | D        | Noticed an orc high priest
  2281 | D        | Noticed an orc high priest
  2287 | D        | Killed an orc high priest
  2290 | D        | Killed an orc high priest
  2291 | D        | Reached skill level 21 in Axes
  2292 | D        | Found Burinini's Antique Weapon Shoppe.
  2296 | D        | Killed an orc high priest
  2297 | D        | Reached skill level 10 in Dodging
  2297 | D        | Found Caoq's Distillery.
  2302 | D        | Found Megg's General Store.
  2314 | D        | Received a gift from Trog
  2652 | D        | Bought an amulet of reflection for 360 gold pieces
  2661 | D        | Bought a potion of heal wounds for 65 gold pieces
  2661 | D        | Bought a potion of heal wounds for 65 gold pieces
  2661 | D        | Bought a potion of curing for 39 gold pieces
  2661 | D        | Bought a potion of might for 52 gold pieces
  2661 | D        | Bought a potion of attraction for 39 gold pieces
  2661 | D        | Bought a potion of attraction for 39 gold pieces
  2663 | D        | Bought a scroll of blinking for 75 gold pieces
  2663 | D        | Bought a scroll of enchant armour for 75 gold pieces
  2669 | D        | Bought the amulet of Scepticism {Spirit rElec rC+ Int+4}
                  | for 712 gold pieces
  2673 | D        | Bought a potion of flight for 39 gold pieces
  2673 | D        | Bought 2 potions of ambrosia for 208 gold pieces
  2724 | D        | Noticed Psyche
  2725 | D        | Noticed Sonja
  2728 | D        | Killed Psyche
  2728 | D        | Received a gift from Trog
  2731 | D        | Killed Sonja
  2757 | D        | Noticed Maurice
  2766 | D        | Killed Maurice
  2882 | D        | Noticed a boulder beetle
  2882 | D        | Noticed a centaur warrior
  2882 | D        | Noticed an ogre mage
  2882 | D        | Noticed a green ugly thing
  2882 | D        | Noticed a centaur warrior
  2885 | D        | Killed a boulder beetle
  2886 | D        | Reached skill level 22 in Axes
  2886 | D        | Noticed a tengu warrior
  2886 | D        | Noticed a boulder beetle
  2889 | D        | Killed a centaur warrior
  2890 | D        | Reached XP level 12. HP: 130/130 MP: 11/11
  2890 | D        | Noticed a stone giant
  2891 | D        | Killed an ogre mage
  2892 | D        | Reached skill level 1 in Shields
  2897 | D        | Received a gift from Trog
  2898 | D        | Noticed a stone giant
  2899 | D        | Noticed a rakshasa
  2901 | D        | Killed a stone giant
  2902 | D        | Reached skill level 23 in Axes
  2902 | D        | Noticed a white very ugly thing
  2904 | D        | Killed a centaur warrior
  2906 | D        | Noticed a frost giant
  2907 | D        | Noticed a tengu reaver
  2909 | D        | Killed a stone giant
  2910 | D        | Noticed a spriggan air mage
  2913 | D        | Demolished by a white very ugly thing

Illustrated notes

Levels and vault maps discovered:
D:        linesprint [early_d, line_temple, items_1, d_10, items_2, lair_1,
          lair_end, items_3, orc_1, orc_end, items_4, d_15, swamp_1, shoals_1,
          snake_1, spider_1, d_20, vaults_1, items_5, swamp_end, shoals_end,
          snake_end, spider_end, vaults_end, d_27, items_6, zot_1, zot_end,
          crypt_end, forest_end, elf_end, slime_end, tomb_end, abyss_end,
          pan_hell_end]

Skill      XL: |  1  2  3  4  5  6  7  8  9 10 11 12 |
---------------+-------------------------------------+-----
Fighting       | 5 7 10 11 12 14 15 16 19 20 | 20.1
Axes           | 6 8 11 13 14 16 17 19 22 23 | 23.6
Armour         | 3 4 5 7 8 10 12 16 18 | 18.5
Dodging        | 3 4 5 6 7 8 9 10 | 10.0
Stealth        | 1 2 3 |  3.1
Shields        | 1 |  1.8

Action                   |  1- 3 |  4- 6 |  7- 9 | 10-12 || total
-------------------------+-------+-------+-------+-------++-------
Melee: Hand axe          |    18 |     6 |       |       ||    24
       Headbutt          |     2 |     6 |    12 |    38 ||    58
       War axe           |       |    34 |    37 |    68 ||   139
       Executioner's axe |       |       |       |    94 ||    94
       Battleaxe         |       |       |       |    34 ||    34
Invok: Berserk           |     1 |     3 |     2 |     6 ||    12
  Use: Potion            |       |     3 |     1 |       ||     4
Armor: Animal skin       |     5 |     1 |       |       ||     6
       Chain mail        |       |    12 |    24 |    74 ||   110
       Swamp dragon scal |       |       |       |    15 ||    15
Dodge: Dodged            |    12 |    26 |    34 |    79 ||   151
Block: Other             |       |       |       |     7 ||     7

Table legend: (Time is in decaauts)
 A = Elapsed time spent in this place.
 B = Non-inter-level travel time spent in this place.
 C = Inter-level travel time spent in this place.
 D = Time resting spent in this place.
 E = Time spent auto-exploring this place.
 F = Levels seen in this place.
 G = Mean time per level.
                   A        B        C        D        E       F      G
               +--------+--------+--------+--------+--------+-----+--------+
         Total |   2967 |   2967 |      0 |   1662 |    374 |   1 | 2967.0 |
       Dungeon |   2967 |   2967 |      0 |   1662 |    374 |   1 | 2967.0 |
               +--------+--------+--------+--------+--------+-----+--------+

Top non-repeatable levels by time:
       D: 2967 daAuts
